 Dungeon Crawl Stone Soup version 0.28-a0-10-g964c8b829e (webtiles) character file.

Game seed: 15918226399703533321

125 Sin92 the Skirmisher (level 4, -1/35 HPs)
             Began as a Demonspawn Fighter on July 25, 2021.
             Slain by a gnoll (9 damage)
             ... on level 5 of the Dungeon.
             The game lasted 00:02:51 (2176 turns).

Sin92 the Skirmisher (Demonspawn Fighter)           Turns: 2176, Time: 00:02:52

Health: -1/35      AC: 12    Str: 16    XL:     4   Next: 82%
Magic:  4/4        EV:  4    Int:  9    God:
Gold:   73         SH:  9    Dex: 14    Spells: 3/3 levels left

rFire   . . .      SeeInvis .   a - +0 long sword
rCold   . . .      Faith    .   c - +0 kite shield
rNeg    . . .      Spirit   .   e - +0 chain mail
rPois   +          Reflect  .   (no helmet)
rElec   .          Harm     .   (no cloak)
rCorr   .          Rampage  .   (no gloves)
Will    .....                   (no boots)
Stlth   ..........              (no amulet)
HPRegen 0.11/turn               m - ring of poison resistance
MPRegen 0.09/turn               (no ring)

@: no status effects
A: thin metallic scales 2, foul stench 1
a: no special abilities


You were on level 5 of the Dungeon.
You visited 1 branch of the dungeon, and saw 4 of its levels.

You collected 73 gold pieces.

Inventory:

Hand Weapons
 a - a +0 long sword (weapon)
Missiles
 h - 6 atropa-tipped darts
 i - 4 curare-tipped darts (quivered)
Armour
 b - a +0 scale mail
 c - a +0 kite shield (worn)
 e - a +0 chain mail (worn)
Jewellery
 m - a ring of poison resistance (left hand)
Scrolls
 d - a scroll of teleportation
 k - a scroll of fear
 l - a scroll of noise
 n - a scroll of magic mapping {unknown}
Potions
 f - 3 potions of invisibility {unknown}
 j - 2 potions of curing


   Skills:
 + Level 3.5 Fighting
 * Level 3.1 Long Blades
 + Level 3.1 Armour
 + Level 1.3 Dodging
 + Level 3.1 Shields


You had 3 spell levels left.
You didn't know any spells.
Your spell library was empty.

Dungeon Overview and Level Annotations

Branches:
Dungeon (3/15)

Altars:

Shops:
D:2 [((


Innate Abilities, Weirdness & Mutations

You are mostly covered in thin metallic scales. (AC +3)
You may rarely emit foul miasma when damaged in melee.


Message History

You block the gnoll's attack.
It was a potion of magic.
Magic courses through your body.
An iguana comes into view.
The iguana hisses angrily.
You hear a howl!
You block the gnoll's attack. The gnoll hits you but does no damage.
You hit the gnoll.
The gnoll is lightly wounded.
You block the gnoll's attack. x2
The iguana bites you but does no damage.
A howler monkey comes into view.
The gnoll hits you but does no damage. x2
The iguana bites you but does no damage.
The howler monkey howls!
You slash the gnoll!
The gnoll is severely wounded.
The howler monkey hoots and howls with incredible vigour!
You block the gnoll's attack.
The gnoll hits you from afar with a +0 spear!
The iguana bites you but does no damage.
You hear a shout! x3
You barely miss the gnoll.
The gnoll is severely wounded.
You block the gnoll's attack. The gnoll hits you but does no damage.
The iguana bites you but does no damage.
The gnoll hits you but does no damage.
The gnoll hits you from afar with a +0 spear.
The iguana bites you but does no damage.
You hit the gnoll.
You kill the gnoll!
The gnoll hits you from afar with a +0 spear.
The iguana bites you but does no damage.
The gnoll hits you from afar with a +0 halberd!
* * * LOW HITPOINT WARNING * * *
You block the gnoll's attack.
Things that are here:
a +0 spear; a gnoll corpse Unknown command.
You hit the gnoll but do no damage.
The gnoll hits you from afar with a +0 halberd!
You die...

#..# #..## #...# # ... .#
.g. .# # # # #g# #.#.#.#
##.#.# ......#
###....##########...####
+............gg@lh......+
####....##########...####
##.#.# ..## ###.# .## ...
.# #.# .# #.. .# ## .#


You could see a howler monkey, an iguana and 2 gnolls.

Vanquished Creatures
  Jessica (D:2)
  Terence (D:2)
  A gnoll (D:5)
  An adder (D:3)
  A worm (D:3)
  2 dart slugs (D:1)
  3 ball pythons
  2 endoplasms
  5 giant cockroaches (D:1)
  2 goblins (D:1)
  8 hobgoblins
  5 quokkas
  2 bats (D:1)
  A frilled lizard (D:1)
  4 kobolds
  9 rats
48 creatures vanquished.

Notes
Turn   | Place    | Note
-------+----------+-------------------------------------------
     0 | D:1      | Sin92 the Demonspawn Fighter began the quest for the Orb.
     0 | D:1      | Reached XP level 1. HP: 18/18 MP: 1/1
   169 | D:1      | Gained mutation: You are partially covered in thin metallic
                  | scales. (AC +2) [demonic ancestry]
   169 | D:1      | Reached XP level 2. HP: 22/24 MP: 2/2
   771 | D:1      | Gained mutation: You may rarely emit foul miasma when
                  | damaged in melee. [demonic ancestry]
   771 | D:1      | Reached XP level 3. HP: 27/29 MP: 3/3
  1012 | D:1      | Found a faded altar of an unknown god.
  1153 | D:2      | Found Govvuof's Weapon Boutique.
  1158 | D:2      | Found Totecyhu's Antique Weapon Shoppe.
  1233 | D:2      | Reached skill level 1 in Dodging
  1251 | D:2      | Noticed Jessica
  1254 | D:2      | Killed Jessica
  1255 | D:2      | Gained mutation: You are mostly covered in thin metallic
                  | scales. (AC +3) [demonic ancestry]
  1255 | D:2      | Reached XP level 4. HP: 31/35 MP: 4/4
  1375 | D:2      | Found Cojarch's Antique Armour Shop.
  1439 | D:2      | Noticed Terence
  1452 | D:2      | Killed Terence
  2154 | D:3      | You fall into a shaft and drop 2 floors!
  2154 | D:5      | Entered Level 5 of the Dungeon
  2176 | D:5      | Slain by a gnoll

Illustrated notes

Levels and vault maps discovered:
D:1:      eino_arrival_water_star, layout_loops_ring,
          chequers_ecumenical_altar_twisty, minmay_liquid_box,
          minmay_pentomino_o4
D:2:      layout_loops_ring, serial_shops, shop, shop, shop, uniq_terence,
          uniq_jessica
D:3:      layout_loops_cross
D:5:      layout_loops_corners, nicolae_elyvilon_temple_path,
          minmay_temple_entry_overgrown, nicolae_ossuary_entry_plus

Skill      XL: |  1  2  3  4 |
---------------+-------------+-----
Long Blades    | 2 3 |  3.1
Shields        | 3 |  3.1
Dodging        | 1 |  1.3
Armour         | 3 |  3.1
Fighting       | |  3.5

Action                   |  1- 3 |  4- 6 || total
-------------------------+-------+-------++-------
Melee: Long sword        |    95 |    43 ||   138
  Use: Scroll            |       |     4 ||     4
       Potion            |       |     2 ||     2
Armor: Scale mail        |    13 |       ||    13
       Chain mail        |    60 |    33 ||    93
Dodge: Dodged            |    16 |    12 ||    28
Block: Kite shield       |    47 |    26 ||    73
       Rpst.: Long sword |     7 |     4 ||    11

Table legend: (Time is in decaauts)
 A = Elapsed time spent in this place.
 B = Non-inter-level travel time spent in this place.
 C = Inter-level travel time spent in this place.
 D = Time resting spent in this place.
 E = Time spent auto-exploring this place.
 F = Levels seen in this place.
 G = Mean time per level.
                   A        B        C        D        E       F      G
               +--------+--------+--------+--------+--------+-----+--------+
         Total |   2247 |   2209 |     38 |      0 |   1778 |   4 |  561.8 |
       Dungeon |   2247 |   2209 |     38 |      0 |   1778 |   4 |  561.8 |
               +--------+--------+--------+--------+--------+-----+--------+

Top non-repeatable levels by time:
     D:1: 1185 daAuts
     D:2: 810 daAuts
     D:3: 227 daAuts
     D:5: 24 daAuts
